 Dungeon Crawl Stone Soup version 0.22-a0-282-gdd34a7d (webtiles) character file.

681 zero the Covert (level 7, -6/32 HPs)
             Began as a Spriggan Enchanter on Mar 17, 2018.
             Killed by divine providence
             ... invoked by an orc priest
              (13 damage)
             ... on level 4 of the Dungeon.
             The game lasted 00:11:43 (6788 turns).

zero the Covert (Spriggan Enchanter)                Turns: 6788, Time: 00:11:44

Health: -6/32      AC:  2    Str:  4    XL:     7   Next: 34%
Magic:  7/12       EV: 18    Int: 16    God:
Gold:   240        SH:  0    Dex: 19    Spells: 6/12 levels left

rFire    . . .     SeeInvis +   z - +4 long sword of Noistreupt {slice, Stlth+}
rCold    . . .     Gourm    .   (shield restricted)
rNeg     . . .     Faith    .   b - +0 robe
rPois    .         Spirit   .   (helmet restricted)
rElec    .         Reflect  .   (no cloak)
rCorr    .         Harm     .   (gloves unavailable)
MR       +....                  (boots unavailable)
Stlth    +++++++...             (no amulet)
HPRegen  0.10/turn              i - ring of stealth
MPRegen  0.13/turn              q - ring of stealth

@: very quick
A: very small, unfitting armour, see invisible, herbivore, speed 3, slow
metabolism 2
a: no special abilities


You were on level 4 of the Dungeon.
You were not hungry.

You visited 1 branch of the dungeon, and saw 6 of its levels.

You collected 240 gold pieces.

Inventory:

Hand Weapons
 a - a +1 dagger
 s - a +0 hunting sling
 z - the +4 long sword of Noistreupt (weapon) {slice, Stlth+}
   (You found it on level 4 of the Dungeon)

   It inflicts extra damage upon your enemies.
   It makes you more stealthy.
Missiles
 e - 95 stones (quivered)
 r - 7 needles of sleeping
Armour
 b - a +0 robe (worn)
Jewellery
 i - a ring of stealth (left hand)
 q - a ring of stealth (right hand)
 u - an uncursed ring of poison resistance {unknown}
 y - a cursed ring of teleportation {unknown}
Scrolls
 c - 4 scrolls of enchant weapon {unknown}
 d - 2 scrolls of teleportation {unknown}
 h - 4 scrolls of identify {unknown}
 j - 3 scrolls of remove curse {unknown}
 n - a scroll of fear {unknown}
 o - a scroll of random uselessness {unknown}
 v - a scroll of noise {unknown}
 w - a scroll of amnesia {unknown}
 A - 3 scrolls of enchant armour {unknown}
Potions
 f - a potion of lignification {unknown}
 g - 3 potions of cancellation {unknown}
 k - 2 potions of mutation {unknown}
 l - a potion of flight {unknown}
 m - 2 potions of curing {unknown}
 p - a potion of might {unknown}
 x - a potion of brilliance {unknown}
Comestibles
 t - 6 rations


   Skills:
 - Level 4.0 Short Blades
 - Level 3.0 Dodging
 - Level 9.1 Stealth
 - Level 3.1 Spellcasting
 + Level 6.9 Hexes


You had 6 spell levels left.
You knew the following spells:

 Your Spells              Type           Power        Failure   Level  Hunger
a - Corona                Hex            ###....      1%          1    #......
b - Ensorcelled Hibernat  Hex/Ice        ##....       7%          2    ##.....
c - Confuse               Hex            ###.....     3%          3    ###....


Dungeon Overview and Level Annotations

Branches:
Dungeon (6/15)
 Temple: D:4-7

Altars:
Dithmenos
Gozag
Qazlal


Innate Abilities, Weirdness & Mutations

You are very small and have problems with some larger weapons.
You are too small for most types of armour.
You have supernaturally acute eyesight. (SInv)
You are a herbivore.
You cover ground extremely quickly.
You need to consume almost no food.


Message History

The orc resists with significant effort.
The orc priest begins to cast a cantrip, but forgets the words!
The orc wizard hits the withered plant but does no damage.
The orc priest calls upon Beogh to heal the orc priest.
The orc priest is healed somewhat.
You slash the orc priest!
The orc priest is almost dead.
The orc priest miscasts a cantrip.
The orc wizard hits the withered plant but does no damage.
You hit the orc.
The orc is almost dead.
The orc priest closely misses you.
The orc priest mumbles some strange prayers to Beogh against you.
Beogh smites you! The orc hits you.
* * * LOW HITPOINT WARNING * * *
The orc wizard casts a spell.
The orc wizard blinks!
The orc priest calls down the wrath of Beogh upon you.
Beogh smites you!
You die...

#...........######.#
#####..............#
#.......########
#.......###....#########
#...........##.##.......
#...............#.######
#####.#....###..#.#
#.>.........#.#
###@o[..###...# #.....#
##### #.....# ##oo...#
#P.....# ......§o......#
.....#........#
...(.....P....#
.....##.......#


You could see 2 orc priests, an orc wizard and an orc.

Vanquished Creatures
  A scorpion (D:5)
  2 howler monkeys (D:5)
  A centaur zombie (D:4)
  A bullfrog zombie (D:4)
  An orc priest (D:5)
  A bullfrog skeleton (D:4)
  An orc wizard (D:5)
  A centaur skeleton (D:4)
  An iguana (D:3)
  3 worker ants (D:4)
  A hound zombie (D:4)
  A hound skeleton (D:4)
  2 worker ant zombies (D:4)
  7 gnolls
  4 adders
  An ooze (D:2)
  3 adder zombies (D:4)
  A worm (D:2)
  2 dart slugs (D:1)
  4 leopard geckos
  12 orcs
  3 bats
  11 giant cockroaches
  A hobgoblin (D:2)
  4 jackals (D:4)
  7 kobolds
  3 quokkas
  A ball python (D:1)
  A ball python zombie (D:5)
  8 frilled lizards
  7 goblins
  A jackal skeleton (D:4)
  A leopard gecko zombie (D:4)
  A quokka skeleton (D:4)
  9 rats
109 creatures vanquished.

Notes
Turn   | Place    | Note
-------+----------+-------------------------------------------
     0 | D:1      | zero the Spriggan Enchanter began the quest for the Orb.
     0 | D:1      | Reached XP level 1. HP: 9/9 MP: 5/5
   602 | D:1      | Reached XP level 2. HP: 13/13 MP: 3/6
   606 | D:1      | Learned a level 2 spell: Ensorcelled Hibernation
   639 | D:1      | Reached skill level 5 in Stealth
  1100 | D:2      | Reached XP level 3. HP: 16/16 MP: 2/8
  1469 | D:2      | Reached skill level 6 in Stealth
  1472 | D:2      | Reached XP level 4. HP: 20/21 MP: 4/9
  1520 | D:2      | Learned a level 3 spell: Confuse
  1871 | D:2      | Found an opulent altar of Gozag.
  2159 | D:2      | Found a shadowy altar of Dithmenos.
  3084 | D:3      | Found a stormy altar of Qazlal.
  3114 | D:3      | Reached skill level 7 in Stealth
  3214 | D:3      | HP: 1/21 [gnoll/whip of flaming (3)]
  3719 | D:3      | Reached XP level 5. HP: 3/24 MP: 1/10
  4525 | D:3      | Reached skill level 8 in Stealth
  4776 | D:5      | Entered Level 5 of the Dungeon
  4797 | D:5      | Reached skill level 9 in Stealth
  4797 | D:5      | Reached XP level 6. HP: 19/28 MP: 3/11
  5222 | D:4      | Reached skill level 5 in Hexes
  5386 | D:4      | Reached XP level 7. HP: 32/32 MP: 12/12
  6320 | D:4      | Got a crystal long sword
  6321 | D:4      | Identified the +4 long sword of Noistreupt {slice, Stlth+} (You found it on level 4 of the Dungeon)
  6788 | D:4      | Killed from afar by an orc priest

Vault maps used:
D:1:      saegor_arrival_simple_e, roderic_lattice_a, minmay_pentomino_s2
D:2:      overflow_temple_1_default, grunt_dithmenos_smoke_and_mirrors
D:3:      grunt_qazlal_clouds
D:4:      serial_undead, serial_undead_b, serial_undead_f, serial_undead_e,
          serial_undead_a
D:5:      bloody_makhleb, serial_bayou, serial_bayou_lagoon_a,
          serial_bayou_ford_a, serial_bayou_pond_a, serial_bayou_shore_b,
          first_ration, water_maze_lemuel
D:6:      minitemple, okawaru_metal_pillars_1_2

Skill      XL: |  1  2  3  4  5  6  7 |
---------------+----------------------+-----
Stealth        | 5 6 7 9 |  9.1
Short Blades   | 2 3 4 |  4.0
Spellcasting   | 3 |  3.1
Hexes          | 5 6 |  6.9
Dodging        | |  3.0

Action                   |  1- 3 |  4- 6 |  7- 9 || total
-------------------------+-------+-------+-------++-------
Melee: Dagger            |    70 |   217 |    58 ||   345
       Long sword        |       |       |    26 ||    26
Throw: Stone             |     5 |     3 |       ||     8
 Cast: Corona            |     6 |     4 |     4 ||    14
       Ensorcelled Hiber |    12 |    38 |    10 ||    60
 Stab: Sleeping          |     9 |    49 |     8 ||    66
       Distracted        |       |     1 |       ||     1
  Eat: Ration            |       |     3 |     1 ||     4
Armor: Robe              |     3 |    16 |     9 ||    28
Dodge: Dodged            |    63 |   164 |    89 ||   316
       Rpst.: Long sword |       |       |     9 ||     9

Table legend:
 A = Spawn XP
 B = Non-spawn XP
 C = Spawn XP percentage of total XP
 D = Spawn monster count
 E = Non-spawn monster count
 F = Spawn count percentage of total count
 G = Total turns spent on level
                    A         B        C        D         E        F      G
               +---------+---------+-------+---------+---------+-------+---------
         Total |       0 |     973 |   0.0 |       0 |     109 |   0.0 |  6788
               +---------+---------+-------+---------+---------+-------+---------
           D:1 |       0 |      22 |   0.0 |       0 |      13 |   0.0 |  1203
           D:2 |       0 |     124 |   0.0 |       0 |      32 |   0.0 |  2197
           D:3 |       0 |     148 |   0.0 |       0 |      27 |   0.0 |  1503
           D:4 |       0 |     390 |   0.0 |       0 |      27 |   0.0 |  1193
           D:5 |       0 |     289 |   0.0 |       0 |      10 |   0.0 |   690
               +---------+---------+-------+---------+---------+-------+---------
